 Dungeon Crawl Stone Soup version bcrawl-1.39.1 (webtiles) character file.

Game seed: 9924146473972952901

12558442 AxeAttX the Slayer (level 18, -4/194 HPs)
             Began as a Minotaur Berserker on Sept 1, 2023.
             Was a High Priest of Trog.
             Killed from afar by a deep elf mage (26 damage)
             ... with a bolt of lightning
             ... on level 1 of the Vaults on Sept 5, 2023.
             The game lasted 00:50:26 (31484 turns).

AxeAttX the Slayer (Minotaur Berserker)            Turns: 31484, Time: 00:50:26

Health: -4/194     AC: 34    Str: 38    XL:     18   Next: 45%
Magic:  23/23      EV: 19    Int:  8    God:    Trog [*****.]
Gold:   403        SH:  0    Dex: 18    Spells: 17/17 levels left

rFire    + . .     GDR:     40% a - +9 battleaxe of Trog's Supremacy {elec, *Rage rPois rN+ Dex+6}
rCold    + . .     SeeInvis .   (shield currently unavailable)
rNeg     + . .     Gourm    .   L - +2 plate armour {rC+}
rPois    +         Faith    .   Y - +0 hat
rElec    .         Spirit   .   M - +2 cloak {+Inv}
rCorr    .         Reflect  .   N - +2 pair of gloves {Str+3}
MR       +....     Rnd*Rage +   R - +2 pair of boots {run}
Stlth    ..........             Q - amulet of rage
HPRegen  0.42/turn              y - +3 ring of strength
MPRegen  0.18/turn              T - ring "Ruelu" {rF+ AC+4 Str+4 Int+4}

@: engulfed (cannot breathe), flayed, berserk cooldown, slowed, very slow
A: retaliatory headbutt, horns 2
}: 2/15 runes: decaying, serpentine
a: Berserk, Trog's Hand, Brothers in Arms, Renounce Religion, Evoke Berserk
Rage, Evoke Invisibility


You were on level 1 of the Vaults.
You worshipped Trog.
Trog was extremely pleased with you.
You were hungry.

You visited 6 branches of the dungeon, and saw 26 of its levels.
You visited 1 bazaar.

You collected 2846 gold pieces.
You spent 2443 gold pieces at shops.

Inventory:

Hand Weapons
 a - the +9 battleaxe of Trog's Supremacy (weapon) {elec, *Rage rPois rN+ Dex+6}
   (Trog gifted it to you on level 6 of the Lair of Beasts)

   Occasionally, upon striking a foe, it will discharge some electrical energy
   and cause terrible harm.
   It affects your dexterity (+6).
   It protects you from poison.
   It protects you from negative energy.
   It may make you go berserk in combat.
 b - a +0 war axe of flaming
   (You found it on level 4 of the Dungeon)
 l - the +8 Wrath of Trog {antimagic, *Rage}
   (You found it on level 8 of the Dungeon)

   It reduces the magical energy of the wielder, and disrupts the spells and
   magical abilities of those hit.
   Natural abilities and divine invocations are not affected.
   It may make you go berserk in combat.
Missiles
 I - 835 poisoned tomahawks (quivered)
Armour
 m - the +6 chain mail of Action {Stlth+}
   (You found it on level 1 of the Vaults)

   It makes you more stealthy.
 L - a +2 plate armour of cold resistance (worn)
   (You bought it in a shop on level 12 of the Dungeon)
 M - a +2 cloak of invisibility (worn)
   (You found it on level 9 of the Dungeon)
 N - a +2 pair of gloves of strength (worn)
   (You acquired it on level 3 of the Snake Pit)
 R - a +2 pair of boots of running (worn)
   (You acquired it on level 4 of the Lair of Beasts)
 Y - a +0 hat (worn)
   (You found it on level 2 of the Snake Pit)
Jewellery
 i - an uncursed amulet of guardian spirit
   (You found it on level 2 of the Swamp)
 r - an uncursed ring of see invisible
   (You found it on level 2 of the Snake Pit)
 y - a +3 ring of strength (left hand)
   (You found it on level 4 of the Dungeon)
 Q - an amulet of rage (around neck)
   (You found it on level 4 of the Lair of Beasts)
 T - the ring "Ruelu" (right hand) {rF+ AC+4 Str+4 Int+4}
   (You bought it in a shop on level 12 of the Dungeon)

   [ring of protection]

   It affects your AC (+4).
   It affects your strength (+4).
   It affects your intelligence (+4).
   It protects you from fire.
Wands
 B - a wand of polymorph (13)
   (You found it on level 5 of the Dungeon)
 C - a wand of iceblast (38)
   (You found it on level 8 of the Dungeon)
 P - a wand of acid (9)
   (You bought it in a shop on level 12 of the Dungeon)
 S - a wand of paralysis (7)
   (You found it on level 12 of the Dungeon)
Scrolls
 c - 3 scrolls of immolation
 j - 17 scrolls of remove curse
 k - 11 scrolls of teleportation
 t - 2 scrolls of enchant armour
 u - 5 scrolls of enchant weapon
 v - 5 scrolls of revelation
 x - 4 scrolls of fear
 z - 5 scrolls of blinking
 A - 2 scrolls of noise
 F - a scroll of summoning
 G - 3 scrolls of fog
 J - 2 scrolls of vulnerability
Potions
 d - 6 potions of might
 f - 4 potions of magic
 g - 8 potions of lignification
 h - 5 potions of haste
 n - 3 potions of resistance
 o - a potion of ambrosia
 q - 13 potions of curing
 s - 4 potions of agility
 w - 7 potions of heal wounds
 D - a potion of berserk rage
 E - 2 potions of flight
 K - 3 potions of cancellation
 O - 4 potions of mutation
Miscellaneous
 V - a phial of floods
   (You found it on level 6 of the Lair of Beasts)
 W - a sack of spiders
   (You found it on level 6 of the Lair of Beasts)
Comestibles
 e - 34 rations {!d}
 p - 9 chunks of flesh


   Skills:
 * Level 25.0 Fighting
 - Level 20.0 Axes
 + Level 6.0 Throwing
 + Level 15.5 Armour
 + Level 14.3 Dodging
 - Level 9.0 Evocations


You had 17 spell levels left.
You didn't know any spells.
Your spell library was empty.

Dungeon Overview and Level Annotations

Branches:
Dungeon (12/12)            Temple (0/1) D:5            Lair (6/6) D:9
  Swamp (3/3) Lair:2        Snake (3/3) Lair:3        Slime (0/5) Orc
    Orc (1/1) D:11            Elf (0/3) Lair:6       Vaults (1/3) D:11
 Depths (0/5) D:12
  Crypt: Vaults:1-2

Altars:
Ashenzari
Cheibriados
Dithmenos
Elyvilon
Fedhas
Gozag
Kikubaaqudgha
Okawaru
Qazlal
Ru
Trog
Uskayaw
Xom
Yredelemnul
Zin
Jiyva

Shops:
D:4 *   D:8 }   D:9 (   D:12 %*[=[   Orc [(([%   Snake:1 ?}[*

Portals:
Trove: D:8 (give +3 acid dragon scales)

Annotations:
D:2 1 runed door
D:4 2 runed translucent doors, yrara's ghost, amateur DsFi


Innate Abilities, Weirdness & Mutations

You reflexively headbutt those who attack you in melee.
You have a pair of horns on your head.


Message History

The poisoned tomahawk hits the centaur warrior.
The centaur warrior looks more poisoned.
The centaur warrior is heavily wounded.
The centaur warrior shoots an arrow.
The arrow hits you!
The centaur warrior shoots an arrow.
The arrow barely misses you.
Unknown command.
Throwing (i - inventory)
I - 842 poisoned tomahawks (quivered)
Press: ? - help, Shift-Dir - straight line, f/p - centaur warrior
Aim: a centaur warrior, wielding a +0 longbow and quivering 81 arrows (heavily wounded, poisoned)
You throw a poisoned tomahawk.
The poisoned tomahawk closely misses the centaur warrior.
The centaur warrior shoots an arrow.
The arrow hits you!!
The deep elf mage gestures wildly while chanting.
The deep elf mage blinks!
Throwing (i - inventory)
I - 841 poisoned tomahawks (quivered)
Press: ? - help, Shift-Dir - straight line, f/p - centaur warrior
Aim: a centaur warrior, wielding a +0 longbow and quivering 80 arrows (heavily wounded, poisoned)
You throw a poisoned tomahawk.
The poisoned tomahawk hits the centaur warrior!
The centaur warrior looks more poisoned.
The centaur warrior is severely wounded.
The centaur warrior shoots an arrow.
The arrow barely misses you.
The deep elf mage mumbles some strange words.
Throwing (i - inventory)
I - 840 poisoned tomahawks (quivered)
Press: ? - help, Shift-Dir - straight line, f/p - centaur warrior
Aim: a centaur warrior, wielding a +0 longbow and quivering 80 arrows (severely wounded, poisoned)
You throw a poisoned tomahawk.
The poisoned tomahawk hits the centaur warrior!!
The centaur warrior looks more poisoned.
The centaur warrior is almost dead.
The centaur warrior shoots an arrow.
The arrow closely misses you.
Throwing (i - inventory)
I - 839 poisoned tomahawks (quivered)
Press: ? - help, Shift-Dir - straight line, f/p - centaur warrior
Aim: a centaur warrior, wielding a +0 longbow and quivering 79 arrows (almost dead, poisoned)
You throw a poisoned tomahawk.
The poisoned tomahawk barely misses the centaur warrior.
The centaur warrior shoots an arrow.
The arrow hits you!
Throwing (i - inventory)
I - 838 poisoned tomahawks (quivered)
Press: ? - help, Shift-Dir - straight line, f/p - centaur warrior
Aim: a centaur warrior, wielding a +0 longbow and quivering 78 arrows (almost dead, poisoned)
You throw a poisoned tomahawk.
The poisoned tomahawk hits the centaur warrior.
You kill the centaur warrior!
Trog accepts your kill.
The centaur warrior shoots an arrow.
The arrow hits you but does no damage.
Throwing (i - inventory)
I - 837 poisoned tomahawks (quivered)
Press: ? - help, Shift-Dir - straight line, f - water elemental
Aim: a water elemental (summoned)
You throw a poisoned tomahawk.
The poisoned tomahawk hits the water elemental.
The water elemental is lightly damaged.
You are no longer berserk.
You are exhausted.
You feel yourself slow down.
A flayed ghost comes into view.
The water elemental hits you.
The water elemental engulfs you in water!
Throwing (i - inventory)
I - 836 poisoned tomahawks (quivered)
Press: ? - help, Shift-Dir - straight line, f/p - water elemental
Aim: a water elemental (lightly damaged, summoned)
You throw a poisoned tomahawk.
The poisoned tomahawk hits the water elemental.
The water elemental is lightly damaged.
Your lungs strain for air!
The centaur warrior hits you with a cursed -1 longbow.
The water elemental hits you.
You are too injured to fight recklessly!
You are too injured to fight recklessly!
You chop the centaur warrior into pieces!!!
You headbutt the centaur warrior!
You kill the centaur warrior!
Trog accepts your kill.
You hit the water elemental.
Your lungs strain for air!
The water elemental closely misses you.
The deep elf mage gestures wildly while chanting.
You cannot call out to Trog while engulfed by water.
You're still recovering from your berserk rage.
Okay, then.
You slip free of the water engulfing you.
You gasp with relief as air once again reaches your lungs.
The flayed ghost cries, "Suffer as I suffered!"
Terrible wounds open up all over your body!
* * * LOW HITPOINT WARNING * * *
The flayed ghost stares at you with tortured malice.
Terrible wounds spread across more of your body!
* * * LOW HITPOINT WARNING * * *
The water elemental barely misses you.
Unknown command.
You feel much better.
The deep elf mage casts a spell.
The water elemental hits you.
The water elemental engulfs you in water!
The water elemental barely misses you. You furiously retaliate!
You headbutt the water elemental! The water elemental hits you.
The deep elf mage gestures at you while chanting.
The bolt of lightning hits you!!
* * * LOW HITPOINT WARNING * * *
The bolt of lightning hits you!!
You die...

#.....(.## #......#
#.......## #......#
#.......#######.....^#
.......## #..........+
#++##### #.####.#####
###.####W##
###≈≈≈≈.##e.#
...#≈≈≈≈≈..)e)S###
...≈≈≈≈∩..E)E@.S.#
.≈≈≈≈≈≈≈≈≈..E.#..#
...#≈≈≈≈≈≈.)###..# #
###.###).# ..#
'....[[## ..#
c#......# .# .
'......# .#......#
+......#


You could see a flayed ghost, 2 mana vipers, 3 water elementals and 2 deep elf
magi.

Vanquished Creatures
  Saint Roka (Snake:1)
  A bone dragon (Swamp:3)
  Rupert (D:12)
  A sphinx (Lair:3)
  Kirke (Swamp:2)
  6 thorn hunters
  Donald (Snake:3)
  Roxanne (Swamp:1)
  2 nagarajas (Snake:3)
  A vault warden (Vaults:1)
  The ghost of ioannis32 the Blocker, a journeyman DsFi of Yredelemnul (Snake:3)
  2 hydra zombies (Swamp:3)
  Aizul (Snake:1)
  An emperor scorpion (shapeshifter) (Snake:3)
  An ironheart preserver (Vaults:1)
  A vampire knight (Swamp:3)
  A dire elephant (shapeshifter) (Snake:3)
  Snorg (Lair:3)
  2 quicksilver dragon zombies (Swamp:3)
  A fire dragon (D:12)
  A vault guard (Vaults:1)
  Fannar (Lair:2)
  An ice dragon (shapeshifter) (Snake:3)
  15 naga warriors
  11 hydras
  2 ice dragons
  2 rakshasas
  4 two-headed ogres
  10 alligators
  12 anacondas
  4 shambling mangroves (Swamp:3)
  A dancing weapon (Snake:3)
  A queen ant (Lair:2)
  2 death knights
  8 ghost crabs
  3 tengu warriors
  5 orc high priests (Orc)
  A death yak (Lair:4)
  13 centaur warriors
  7 shock serpents
  4 spriggans
  A deep elf knight (Vaults:1)
  5 naga sharpshooters
  Nergalle (D:10)
  10 slime creatures
  2 flayed ghosts (Swamp:3)
  5 skeletal warriors
  A death drake (Swamp:1)
  5 swamp dragons (Swamp:3)
  3 spectral hydras (Swamp:3)
  2 spriggan druids (Swamp:3)
  2 ironheart convokers (Vaults:1)
  3 naga ritualists
  3 phantasmal warriors (Swamp:3)
  7 orc knights (Orc)
  4 anaconda skeletons (Lair:3)
  A necromancer (D:11)
  2 deep elf magi
  An orc sorcerer (Snake:1)
  3 mana vipers (Snake:3)
  7 ugly things
  2 manticores
  4 salamanders
  4 oklob plants
  11 will-o'-wisps
  13 naga magi
  7 guardian serpents
  6 elephants
  22 black mambas
  A gargoyle (D:12)
  29 cane toads
  7 komodo dragons
  A kobold demonologist (D:10)
  2 freezing wraiths
  A yaktaur (shapeshifter) (D:12)
  3 yaktaurs (D:12)
  15 rime drakes
  A tengu conjurer (D:12)
  15 tyrant leeches
  12 trolls
  3 meliai (Lair:4)
  2 harpy skeletons
  2 bog bodies
  14 hornets
  A raiju (shapeshifter) (Vaults:1)
  14 blink frogs
  14 hippogriffs
  3 wyverns
  A vampire (D:10)
  5 basilisks
  A human (D:9)
  26 yaks
  2 wraiths (D:10)
  6 steam dragons (Lair:4)
  4 hogs (Swamp:2)
  16 vampire mosquitoes
  Menkaure (D:6)
  3 wargs
  13 swamp worms
  32 nagas
  2 acid dragons
  12 crocodiles
  33 water moccasins
  A floating eye (shapeshifter) (Snake:3)
  9 soldier ants
  5 porcupines
  2 swamp drakes (Swamp:3)
  A cane toad skeleton (D:7)
  3 sky beasts
  A hornet zombie (D:9)
  23 orc warriors
  2 ice beasts
  3 boggarts (Swamp:3)
  6 ogres
  11 wolves (Lair:6)
  2 phantoms
  25 bullfrogs
  9 kobold brigands
  2 gnoll sergeants (D:11)
  10 centaurs
  A scorpion (D:7)
  A wyvern skeleton (D:8)
  32 killer bees
  3 electric eels
  4 howler monkeys (D:10)
  24 orc priests
  A bullfrog zombie (D:6)
  3 crimson imps
  5 jellies
  5 hounds
  13 orc wizards
  2 gnoll shamans
  5 iguanas
  4 hell rats (Lair:6)
  30 worker ants
  A worker ant zombie (D:7)
  13 gnolls
  A river rat (Lair:4)
  29 adders
  An adder (shapeshifter) (Snake:3)
  2 shadow imps
  5 oozes
  An adder skeleton (D:3)
  A worm (D:2)
  3 dart slugs
  2 leopard geckos
  62 orcs
  A ball python (D:1)
  5 giant cockroaches
  4 goblins
  12 hobgoblins
  9 jackals
  19 kobolds
  6 quokkas
  3 bats
  3 frilled lizards
  A quokka skeleton (D:5)
  3 rats
  5 briar patches (Swamp:3)
  3 fungi
  7 plants
1020 creatures vanquished.

Vanquished Creatures (collateral kills)
  A rakshasa (Snake:3)
  A catoblepas (Lair:4)
  An alligator snapping turtle (shapeshifter) (Snake:3)
  A death yak (Lair:4)
  2 naga sharpshooters (Snake:3)
  A centaur warrior (Vaults:1)
  A naga ritualist (Snake:3)
  A salamander (Snake:1)
  2 naga magi (Snake:3)
  A queen bee (Lair:4)
  A human (D:9)
  2 wargs
  A naga (Snake:3)
  2 orc warriors (Snake:1)
  8 worker ants (Lair:2)
26 creatures vanquished.

Vanquished Creatures (others)
  A vault guard (Vaults:1)
  A steam dragon (Lair:4)
  A water moccasin (Lair:2)
  5 swamp drakes (Swamp:3)
  11 fungi (Lair:6)
  81 plants
100 creatures vanquished.

Grand Total: 1146 creatures vanquished

Notes
Turn   | Place    | Note
-------+----------+-------------------------------------------
     0 | D:1      | AxeAttX the Minotaur Berserker began the quest for the Orb.
     0 | D:1      | Reached XP level 1. HP: 19/19 MP: 0/0
    94 | D:1      | Reached skill level 4 in Axes
    99 | D:1      | Reached skill level 4 in Fighting
    99 | D:1      | Reached XP level 2. HP: 27/27 MP: 1/1
   692 | D:2      | Found a blossoming altar of Fedhas.
   772 | D:2      | Reached ** piety under Trog
   790 | D:2      | Reached XP level 3. HP: 19/33 MP: 2/2
   854 | D:2      | Found a shadowy altar of Dithmenos.
   924 | D:2      | Found a glowing silver altar of Zin.
  1050 | D:2      | Found a runed door.
  1138 | D:2      | Reached skill level 5 in Axes
  1143 | D:2      | Found a white marble altar of Elyvilon.
  1468 | D:3      | Reached XP level 4. HP: 36/41 MP: 3/3
  1585 | D:3      | Reached skill level 5 in Fighting
  1585 | D:3      | Reached skill level 6 in Axes
  1611 | D:3      | Reached XP level 5. HP: 20/48 MP: 4/4
  1871 | D:3      | Found a snail-covered altar of Cheibriados.
  2097 | D:3      | Noticed an ogre
  2121 | D:3      | Killed an ogre
  2202 | D:3      | Reached *** piety under Trog
  2241 | D:3      | Reached XP level 6. HP: 34/56 MP: 5/5
  2498 | D:3      | Reached skill level 7 in Axes
  2669 | D:4      | Found Sevikewn's General Store.
  2672 | D:4      | Bought a scroll of teleportation for 42 gold pieces
  2672 | D:4      | Bought a scroll of identify for 28 gold pieces
  2880 | D:4      | Found a bloodstained altar of Trog.
  2884 | D:4      | Reached skill level 6 in Fighting
  3042 | D:4      | Noticed a sky beast
  3047 | D:4      | Killed a sky beast
  3048 | D:4      | Reached skill level 8 in Axes
  3053 | D:4      | Reached XP level 7. HP: 63/63 MP: 6/6
  3320 | D:4      | Found a bloodstained altar of Trog.
  3370 | D:4      | Found a large runed translucent door.
  3370 | D:4      | Found a large runed translucent door.
  3372 | D:4      | Noticed yrara's ghost (amateur DsFi)
  3397 | D:5      | Entered Level 5 of the Dungeon
  3429 | D:5      | Reached skill level 9 in Axes
  3461 | D:5      | Reached skill level 7 in Fighting
  3494 | D:5      | Reached **** piety under Trog
  3653 | D:5      | Found a staircase to the Ecumenical Temple.
  3687 | D:5      | Found a shattered altar of Ashenzari.
  3767 | D:5      | Found a shimmering altar of Xom.
  3767 | D:5      | Found a shimmering altar of Xom.
  3768 | D:5      | Found a shimmering altar of Xom.
  3770 | D:5      | Found a shimmering altar of Xom.
  3897 | D:6      | Reached XP level 8. HP: 73/73 MP: 7/7
  3960 | D:6      | Noticed Menkaure
  3965 | D:6      | Killed Menkaure
  3966 | D:6      | Reached skill level 10 in Axes
  3980 | D:6      | Got a steaming ring mail
  3991 | D:6      | Identified the cursed +1 ring mail "Tuenk" {Regen+ Int-5
                  | Slay+3} (You found it on level 6 of the Dungeon)
  3991 | D:6      | Lost intelligence.
  4216 | D:6      | Reached skill level 8 in Fighting
  4384 | D:6      | Reached skill level 11 in Axes
  4542 | D:6      | Found a stormy altar of Qazlal.
  4544 | D:6      | Found a sacrificial altar of Ru.
  4719 | D:6      | Noticed a hippogriff
  4729 | D:6      | Killed a hippogriff
  5041 | D:7      | Reached XP level 9. HP: 54/82 MP: 8/8
  5092 | D:7      | Reached skill level 9 in Fighting
  5220 | D:7      | Reached skill level 1 in Evocations
  5253 | D:7      | Reached skill level 1 in Throwing
  5253 | D:7      | Reached skill level 3 in Armour
  5552 | D:7      | Reached ***** piety under Trog
  5632 | D:7      | Reached skill level 3 in Dodging
  5981 | D:8      | Found a hide-covered altar of Uskayaw.
  6008 | D:8      | Noticed a troll
  6016 | D:8      | Killed a troll
  6017 | D:8      | Reached skill level 12 in Axes
  6118 | D:8      | Found Pofy's Gadget Shoppe.
  6127 | D:8      | Bought a wand of iceblast (10) for 198 gold pieces
  6180 | D:8      | Found a portal to a secret trove of treasure.
  6223 | D:8      | Reached skill level 2 in Throwing
  6296 | D:8      | Found an ancient bone altar of Kikubaaqudgha.
  6301 | D:8      | Noticed a two-headed ogre
  6308 | D:8      | Killed a two-headed ogre
  6309 | D:8      | Reached skill level 10 in Fighting
  6309 | D:8      | Reached skill level 4 in Armour
  6309 | D:8      | Reached skill level 2 in Evocations
  6395 | D:8      | Found a shattered altar of Ashenzari.
  6425 | D:8      | Found the +8 Wrath of Trog {antimagic, *Rage}
  6583 | D:9      | Found an iron altar of Okawaru.
  6607 | D:9      | Found an opulent altar of Gozag.
  6680 | D:9      | Reached skill level 4 in Dodging
  6680 | D:9      | Reached XP level 10. HP: 92/93 MP: 10/10
  6761 | D:9      | Reached skill level 3 in Throwing
  6761 | D:9      | Found a staircase to the Lair.
  6796 | D:9      | Reached skill level 3 in Evocations
  6815 | D:9      | Found Suwoutat's Antique Weapon Shop.
  6896 | D:9      | Reached skill level 5 in Armour
  6909 | D:9      | Received a gift from Trog
  7065 | D:9      | Noticed Maurice
  7065 | D:9      | Noticed a two-headed ogre
  7066 | D:9      | Noticed Maurice
  7066 | D:9      | Maurice changed into Maurice the soldier ant
  7072 | D:9      | Killed Maurice the soldier ant
  7072 | D:9      | Killed a two-headed ogre
  7073 | D:9      | Reached skill level 11 in Fighting
  7073 | D:9      | Reached skill level 13 in Axes
  7114 | D:9      | Reached skill level 5 in Dodging
  7225 | D:9      | Found an opulent altar of Gozag.
  7651 | Lair:1   | Entered Level 1 of the Lair of Beasts
  7651 | Lair:1   | Noticed a cane toad
  7658 | Lair:1   | Killed a cane toad
  7659 | Lair:1   | Reached skill level 4 in Throwing
  7736 | Lair:1   | Noticed an oklob plant
  7835 | Lair:1   | Killed an oklob plant
  7836 | Lair:1   | Reached XP level 11. HP: 102/102 MP: 6/12
  8100 | Lair:1   | Reached skill level 6 in Armour
  8119 | Lair:1   | Reached skill level 4 in Evocations
  8664 | Lair:2   | Identified a scroll of acquirement
  8668 | Lair:2   | Identified the ring "Rydotaoth" {rF+ rC+} (You acquired it
                  | on level 2 of the Lair of Beasts)
  8692 | Lair:2   | Noticed a queen ant
  8710 | Lair:2   | Reached skill level 12 in Fighting
  8717 | Lair:2   | Killed a queen ant
  8788 | Lair:2   | Identified the ring of the Mantidfly {Ice rN+ MR- Str+3}
  8788 | Lair:2   | Noticed Fannar
  8792 | Lair:2   | Reached skill level 5 in Throwing
  8796 | Lair:2   | Killed Fannar
  8797 | Lair:2   | Reached skill level 14 in Axes
  8797 | Lair:2   | Reached skill level 6 in Dodging
  9058 | Lair:2   | Reached skill level 13 in Fighting
  9135 | Lair:2   | Reached skill level 7 in Armour
  9354 | Lair:2   | Received a gift from Trog
  9518 | Lair:2   | Noticed a five-headed hydra
  9518 | Lair:2   | Noticed a five-headed hydra
  9525 | Lair:2   | Killed a three-headed hydra
  9526 | Lair:2   | Reached skill level 5 in Evocations
  9527 | Lair:2   | Killed a two-headed hydra
  9528 | Lair:2   | Reached XP level 12. HP: 66/115 MP: 7/14
  9595 | Lair:2   | Found a staircase to the Swamp.
  9944 | Lair:2   | Reached skill level 14 in Fighting
 10937 | Lair:3   | Found a staircase to the Snake Pit.
 10937 | Lair:3   | Noticed a sphinx
 10944 | Lair:3   | Reached skill level 6 in Throwing
 10947 | Lair:3   | Killed a sphinx
 10948 | Lair:3   | Reached skill level 8 in Armour
 10948 | Lair:3   | Reached skill level 7 in Dodging
 10949 | Lair:3   | Reached skill level 15 in Axes
 10960 | Lair:3   | Reached skill level 15 in Fighting
 11074 | Lair:3   | Noticed Snorg
 11083 | Lair:3   | Killed Snorg
 11963 | Lair:4   | Reached skill level 6 in Evocations
 12131 | Lair:4   | Identified the ring of Gehuon {Fire SInv Stlth+} (You
                  | acquired it on level 4 of the Lair of Beasts)
 12131 | Lair:4   | Identified a +0 pair of boots of running (You acquired it
                  | on level 4 of the Lair of Beasts)
 12283 | Lair:4   | Reached XP level 13. HP: 128/128 MP: 8/16
 12401 | Lair:4   | Reached skill level 16 in Fighting
 12414 | Lair:4   | Reached skill level 8 in Dodging
 12525 | Lair:4   | Reached skill level 9 in Armour
 12790 | Lair:4   | Reached skill level 16 in Axes
 12808 | Lair:4   | Reached skill level 17 in Fighting
 13085 | Lair:4   | Received a gift from Trog
 14913 | Lair:5   | Identified the +5 medium shield "Taawk" {rN++} (You
                  | acquired it on level 5 of the Lair of Beasts)
 14913 | Lair:5   | Identified the ring "Nievokku" {rN+ SInv} (You acquired it
                  | on level 5 of the Lair of Beasts)
 14916 | Lair:6   | Entered Level 6 of the Lair of Beasts
 14977 | Lair:6   | Reached skill level 9 in Dodging
 14982 | Lair:6   | Reached skill level 10 in Armour
 15040 | Lair:6   | Reached skill level 18 in Fighting
 15123 | Lair:6   | Found the +8 lance "Wyrmbane" {slay drac, rPois rF+ rC+
                  | AC+3}
 15296 | Lair:6   | Reached XP level 14. HP: 144/144 MP: 8/17
 15373 | Lair:6   | Received a gift from Trog
 15374 | Lair:6   | Got a fading battleaxe {god gift}
 15388 | Lair:6   | Reached skill level 17 in Axes
 15501 | Lair:6   | Found a staircase to the Elven Halls.
 15741 | Lair:6   | Reached skill level 19 in Fighting
 16276 | Lair:6   | Identified the +9 battleaxe of Trog's Supremacy {elec,
                  | *Rage rPois rN+ Dex+6} (Trog gifted it to you on level 6 of
                  | the Lair of Beasts)
 17084 | D:10     | Entered Level 10 of the Dungeon
 17268 | D:10     | Got a transparent ring mail
 17293 | D:10     | Identified the +1 ring mail of the Dwarven Hall {+Blink
                  | rElec MR- SInv} (You found it on level 10 of the Dungeon)
 17323 | D:10     | Found a bloodstained altar of Trog.
 17376 | D:10     | Noticed Nergalle
 17380 | D:10     | Killed Nergalle
 17555 | D:10     | Reached skill level 10 in Dodging
 17594 | D:10     | Reached skill level 11 in Armour
 17994 | D:11     | Received a gift from Trog
 18242 | D:11     | Reached skill level 20 in Fighting
 18427 | D:11     | Reached skill level 18 in Axes
 18812 | D:11     | Found a staircase to the Orcish Mines.
 18933 | D:11     | Found a gate to the Vaults.
 19159 | D:12     | Entered Level 12 of the Dungeon
 19211 | D:12     | Found Umerris's Armour Shop.
 19219 | D:12     | Bought a +2 plate armour of cold resistance for 560 gold
                  | pieces
 19243 | D:12     | Found Zedwijug's Antique Armour Boutique.
 19252 | D:12     | Bought an ichor-stained chain mail for 266 gold pieces
 19252 | D:12     | Identified the cursed +0 chain mail "Rontol" {rC++} (You
                  | bought it in a shop on level 12 of the Dungeon)
 19301 | D:12     | Noticed Rupert
 19312 | D:12     | Killed Rupert
 19313 | D:12     | Reached XP level 15. HP: 156/156 MP: 18/18
 19386 | D:12     | Found Nohaiblu's General Store.
 19445 | D:12     | Bought a wand of acid (9) for 260 gold pieces
 19445 | D:12     | Bought a potion of cancellation for 65 gold pieces
 19445 | D:12     | Bought a potion of heal wounds for 65 gold pieces
 19445 | D:12     | Bought a potion of curing for 32 gold pieces
 19534 | D:12     | Found Fymnev's Food Emporium.
 19814 | D:12     | Found Posiv's Jewellery Boutique.
 19989 | D:12     | Found a staircase to the Depths.
 20117 | D:12     | Got an ancient glass ring
 20118 | D:12     | Identified the cursed ring "Baawk" {Ice Dex+3} (You found
                  | it on level 12 of the Dungeon)
 20303 | Orc      | Entered the Orcish Mines
 20620 | Orc      | Found Seemnoc's Armour Shop.
 20640 | Orc      | Received a gift from Trog
 20651 | Orc      | Reached skill level 21 in Fighting
 20846 | Orc      | Found a viscous altar of Jiyva.
 20847 | Orc      | Found a staircase to the Slime Pits.
 20848 | Orc      | Found a viscous altar of Jiyva.
 21154 | Orc      | Reached skill level 12 in Armour
 21154 | Orc      | Received a gift from Trog
 21155 | Orc      | Reached skill level 11 in Dodging
 21368 | Orc      | Found Xiahaurph's Weapon Emporium.
 21370 | Orc      | Found Zonivus's Food Emporium.
 21374 | Orc      | Found Viediu's Antique Armour Shoppe.
 21375 | Orc      | Found Vanemnupurph's Weapon Emporium.
 21746 | Snake:1  | Entered Level 1 of the Snake Pit
 21948 | Snake:1  | Noticed Aizul
 21961 | Snake:1  | Killed Aizul
 22007 | Snake:1  | Got an ancient flail
 22040 | Snake:1  | Reached skill level 19 in Axes
 22076 | Snake:1  | Found Zireix's Antique Armour Boutique.
 22076 | Snake:1  | Found Obuatosch's Gadget Shop.
 22077 | Snake:1  | Found Yruist's General Store.
 22082 | Snake:1  | Found Liqale One's Magic Scroll Shop.
 22104 | Snake:1  | Bought a scroll of blinking for 135 gold pieces
 22110 | Snake:1  | Bought a scroll of teleportation for 39 gold pieces
 22110 | Snake:1  | Bought a scroll of fog for 26 gold pieces
 22147 | Snake:1  | Noticed Saint Roka
 22163 | Snake:1  | Killed Saint Roka
 22164 | Snake:1  | Reached skill level 22 in Fighting
 22958 | Snake:2  | Reached XP level 16. HP: 170/170 MP: 16/19
 23846 | Snake:2  | Identified the +3 flail of Cycidamm {flame, rElec Str+4
                  | Int+3} (You found it on level 1 of the Snake Pit)
 23928 | Snake:3  | Entered Level 3 of the Snake Pit
 23958 | Snake:3  | Found a runed translucent door.
 24153 | Snake:3  | Reached ****** piety under Trog
 24252 | Snake:3  | Reached skill level 13 in Armour
 24582 | Snake:3  | Received a gift from Trog
 24627 | Snake:3  | Reached skill level 12 in Dodging
 24645 | Snake:3  | Paralysed by a floating eye for 4 turns
 24772 | Snake:3  | Noticed a quicksilver dragon
 24772 | Snake:3  | a quicksilver dragon changed into a minotaur
 24773 | Snake:3  | Found a shimmering altar of Xom.
 24775 | Snake:3  | Found a shimmering altar of Xom.
 24780 | Snake:3  | Reached skill level 20 in Axes
 24793 | Snake:3  | Reached skill level 23 in Fighting
 24793 | Snake:3  | Noticed a quicksilver dragon
 24793 | Snake:3  | an azure jelly changed into a quicksilver dragon
 24795 | Snake:3  | a quicksilver dragon changed into an alligator snapping
                  | turtle
 24892 | Snake:3  | Reached skill level 7 in Evocations
 25074 | Snake:3  | Found a shimmering altar of Xom.
 25074 | Snake:3  | Found a shimmering altar of Xom.
 25075 | Snake:3  | Found a shimmering altar of Xom.
 25087 | Snake:3  | Found a shimmering altar of Xom.
 25093 | Snake:3  | Found a shimmering altar of Xom.
 25094 | Snake:3  | Got a serpentine rune of Zot
 25591 | Snake:3  | Found a shimmering altar of Xom.
 25591 | Snake:3  | Noticed ioannis32's ghost (journeyman DsFi)
 25595 | Snake:3  | Noticed Donald
 25609 | Snake:3  | Killed Donald
 25609 | Snake:3  | Received a gift from Trog
 25732 | Snake:3  | Killed ioannis32's ghost
 25741 | Snake:3  | Identified the cursed +1 plate armour of Zuxeschek {rElec
                  | rN+ MR- rCorr}
 25873 | Snake:3  | Reached XP level 17. HP: 164/180 MP: 21/21
 25945 | Snake:3  | Identified the +6 fustibalus of Focagroqi {velocity, Int+2}
                  | (You acquired it on level 3 of the Snake Pit)
 25945 | Snake:3  | Identified the ring of Asaibouna {rC+ MR- rCorr MP+9 Str+4}
                  | (You acquired it on level 3 of the Snake Pit)
 26847 | D:12     | Bought the ring "Ruelu" {rF+ AC+4 Str+4 Int+4} for 727 gold
                  | pieces
 27195 | Swamp:1  | Entered Level 1 of the Swamp
 27312 | Swamp:1  | Identified the +0 leather armour of Vanity {rN+ MR+ rCorr
                  | Int-5}
 27669 | Swamp:2  | Reached skill level 14 in Armour
 27908 | Swamp:2  | Noticed Kirke
 27920 | Swamp:2  | Killed Kirke
 28024 | Swamp:2  | Reached skill level 13 in Dodging
 28025 | Swamp:2  | Received a gift from Trog
 28063 | Swamp:2  | Reached skill level 8 in Evocations
 28810 | Swamp:3  | Entered Level 3 of the Swamp
 28876 | Swamp:3  | Reached skill level 24 in Fighting
 29517 | Swamp:3  | Noticed a bone dragon
 29767 | Swamp:3  | Received a gift from Trog
 29780 | Swamp:3  | Killed a bone dragon
 30286 | Swamp:3  | Reached skill level 9 in Evocations
 30299 | Swamp:3  | Reached XP level 18. HP: 192/192 MP: 23/23
 30375 | Swamp:3  | Reached skill level 15 in Armour
 30381 | Swamp:3  | Found a blossoming altar of Fedhas.
 30651 | Swamp:3  | Got a decaying rune of Zot
 30679 | Swamp:3  | Found a basalt altar of Yredelemnul.
 30937 | Swamp:1  | Noticed Roxanne
 30947 | Swamp:1  | Killed Roxanne
 30948 | Swamp:1  | Reached skill level 14 in Dodging
 31202 | Vaults:1 | Entered Level 1 of the Vaults
 31223 | Vaults:1 | Identified the +6 chain mail of Action {Stlth+}
 31369 | Vaults:1 | Found a gateway to a bazaar.
 31380 | Vaults:1 | Received a gift from Trog
 31387 | Bazaar   | Entered a bazaar
 31387 | Bazaar   | Found Xawkaz's Food Shoppe.
 31387 | Bazaar   | Found Vulyoz's Book Emporium.
 31388 | Bazaar   | Found Vuleil's Food Shoppe.
 31388 | Bazaar   | Found Fedabbum's Antique Armour Emporium.
 31468 | Vaults:1 | Reached skill level 25 in Fighting
 31483 | Vaults:1 | HP: 25/194 [flayed ghost/flay_damage (16)]
 31484 | Vaults:1 | Killed from afar by a deep elf mage

Skill      XL: |  1  2  3  4  5  6  7  8  9 10 11 12 13 14 15 16 17 18 |
---------------+-------------------------------------------------------+-----
Axes           | 4 5 6 8 9 11 12 13 14 15 16 18 19 20 | 20.0
Fighting       | 4 5 6 7 8 10 11 13 15 18 20 22 23 24 25 | 25.0
Evocations     | 2 3 5 6 7 9 |  9.0
Throwing       | 2 4 5 6 |  6.0
Armour         | 4 5 7 8 10 11 12 13 14 15 | 15.5
Dodging        | 4 5 6 7 9 10 11 12 13 14 | 14.3

Action                   |  1- 3 |  4- 6 |  7- 9 | 10-12 | 13-15 | 16-18 || total
-------------------------+-------+-------+-------+-------+-------+-------++-------
Melee: Hand axe          |    85 |    81 |       |       |       |       ||   166
       Headbutt          |     9 |    10 |    37 |    66 |   155 |   161 ||   438
       War axe           |       |    11 |   189 |    48 |    81 |    21 ||   350
       Battleaxe         |       |       |       |   227 |   577 |   498 ||  1302
Throw: Tomahawk          |       |     7 |     9 |    32 |    56 |    86 ||   190
Invok: Berserk           |     1 |     2 |     9 |     9 |    20 |    12 ||    53
       Trog's Hand       |       |     1 |     1 |     4 |    11 |     6 ||    23
       Brothers in Arms  |       |       |       |     2 |     2 |     4 ||     8
 Abil: Evoke Invisibilit |       |       |       |       |     2 |     2 ||     4
Evoke: Wand              |       |       |       |    10 |       |     2 ||    12
       Phial of floods   |       |       |       |       |       |     1 ||     1
  Use: Scroll            |     3 |       |    11 |    16 |    17 |     6 ||    53
       Potion            |       |       |       |     1 |     1 |     2 ||     4
 Stab: Invisible         |       |       |       |       |     3 |     2 ||     5
       Distracted        |       |       |       |       |       |     2 ||     2
  Eat: Chunk             |     5 |     9 |    21 |    20 |    55 |    21 ||   131
       Ration            |       |       |     1 |     4 |     3 |     8 ||    16
Armor: Animal skin       |     9 |       |       |       |       |       ||     9
       Ring mail         |     6 |     5 |       |       |       |       ||    11
       Scale mail        |       |    37 |    70 |   123 |   174 |       ||   404
       Plate armour      |       |       |       |       |   122 |   413 ||   535
Dodge: Dodged            |    67 |    45 |    80 |   234 |   511 |   468 ||  1405

Levels and vault maps discovered:
D:1:      amcnicky_arrival_single_pillar, layout_loops_ring, minmay_pentomino_z4
D:2:      layout_basic, grunt_dithmenos_smoke, old_standard_altar, zin_academy,
          overflow_temple_1_default, minmay_misc_feat_diagonals,
          chequers_decorated_corner, uniq_crazy_yiuf_cottage
D:3:      layout_basic, kennysheep_slug_shrine, first_ration,
          hangedman_abyss_or_decor_stabs, kennysheep_potato
D:4:      layout_loops_cross, marbit_many_paths, serial_shops, kennysheep_mini,
          ebering_ghost_disaster_area, trog_three_pillars_becter
D:5:      layout_rooms, xom_redecorated, minmay_temple_entry_stoned_glass,
          basic_altar
D:6:      layout_loops_ring, chequers_temple_overflow_statue_of_worship,
          amcnicky_mini_pool_small, roderic_lattice_a, uniq_menkaure
D:7:      layout_loops_ring
D:8:      layout_gridville, nicolae_overflow_crystal_walls,
          kennysheep_mini_moat, old_standard_altar,
          nicolae_trove_entry_free_sample, serial_shops, shop,
          blue_anna_alchemist [blue_anna_fruit_fields, blue_anna_fruit_fields]
D:9:      layout_basic, lemuel_round_altar, okawaru_humans,
          erik_lair_orcish_takeover, serial_shops, nicolae_shop_trees,
          nicolae_gozag_cash_rules_everything_around_me, uniq_maurice
D:10:     layout_roguey, st_stairs_14, trog_book, uniq_nergalle
D:11:     layout_cave_pools, kennysheep_orc_monster_closet_entryway,
          david_vaults_1, serial_column_ruins, column_ruins_square_medium,
          column_ruins_corridor_T, column_ruins_corridor_corner,
          column_ruins_open_small, column_ruins_columns_straight,
          column_ruins_corridor_corner, column_ruins_grid_1
D:12:     grunt_enter_depths_hoard, layout_stronghold, serial_shops, shop,
          nicolae_shop_temple_entry_statues_fountains, nicolae_shop_crystal,
          nicolae_shop_stone, shop_fountains, feat_on_display, uniq_rupert
Lair:1:   wander_river, layout_regular_city, infiniplex_staircase_pool_2,
          minmay_lair_oklob_chamber
Lair:2:   lemuel_reptile_caves, layout_chaotic_city, palyth_hydra_swamp_entry,
          small_statue_intersection, zaba_antful_of_joy,
          infiniplex_staircase_pool, uniq_fannar
Lair:3:   layout_cave_pods, bhauth_snake_entry_sphinx_in_a_box,
          serial_bayou_shore_a, uniq_snorg
Lair:4:   regret_index_combs_of_tragedy, layout_gridlike, serial_bayou_pond_a,
          bobbens_dragon_lair_wall, lemuel_fruit_tree, grunt_megastairs_2
Lair:5:   layout_loops_ring
Lair:6:   minmay_lair_end_frog_pond, layout_gridlike, lemuel_fruit_fields
Swamp:1:  layout_basic_swamp, evilmike_swamp_ruin_rubble_2,
          grunt_lady_of_the_lake, uniq_roxanne
Swamp:2:  layout_falls_marsh, nicolae_swamp_round_clearing, uniq_kirke
Swamp:3:  byrel_swamp_growth_death_and_undeath, layout_basic_swamp, swamp_pool4,
          lightli_tree_ring
Snake:1:  layout_misc_corridors, special_room, minmay_shoptagon,
          grunt_megastairs_5, uniq_aizul, uniq_saint_roka
Snake:2:  layout_layer_cave
Snake:3:  hellmonk_snake_rune_mutagenic_temple, layout_layer_cave,
          ebering_ghost_xom, st_stairs_3, hangedman_snake_corridor_cut,
          uniq_donald
Orc:      st_orc_pillars, layout_diamond_mine, nicolae_slime_entry_slimehenge,
          serial_shops, nicolae_shop_waterfront
Vaults:1: nicolae_vaults_big_angled_halls, nicolae_vaults_theta,
          grunt_vaults_funneled_arena, ontoclasm_vaults_bender,
          grunt_vaults_focal, v_alt_pattern_3, vaults_room_corners,
          ontoclasm_vaults_decontamination, vaults_room_pool,
          nicolae_vaults_big_ls, v_misc_11, minmay_crypt_entry_simple_plaza,
          nicolae_vaults_little_squares_2, hangedman_vaults_trim,
          layout_vaults_maze, serial_shops, bzr_entry_lakeside

Table legend:
 A = Turns spent in this place as a percentage of turns spent in the entire game.
 B = Non-inter-level travel turns spent in this place as a percentage of non-inter-level travel turns spent in the entire game.
 C = Inter-level travel turns spent in this place as a percentage of turns spent in this place.
 D = Turns resting spent in this place as a percentage of non-inter-level travel turns spent in this place.
 E = Turns spent auto-exploring this place as a percentage of non-inter-level travel turns spent in this place.
 F = Non-inter-level travel turns spent in this place divided by the number of levels of this place that you've seen.
                   A       B       C       D       E      F
               +-------+-------+-------+-------+-------+----------------------
         Total | 100.0 | 100.0 |   5.4 |  20.9 |  61.9 | 1102.6
       Dungeon |  36.4 |  36.1 |   6.1 |  10.9 |  71.4 | 896.8
          Lair |  30.8 |  30.5 |   6.4 |  24.3 |  60.1 | 1512.2
         Swamp |  12.2 |  12.2 |   5.3 |  38.6 |  43.1 | 1215.3
     Snake Pit |  15.7 |  15.9 |   3.9 |  22.6 |  61.2 | 1579.0
  Orcish Mines |   4.0 |   4.3 |   0.4 |  27.6 |  54.3 | 1270.0
        Vaults |   0.7 |   0.7 |   0.0 |   4.9 |  48.9 | 223.0
        Bazaar |   0.2 |   0.2 |   0.0 |   0.0 |  54.2 |  59.0
               +-------+-------+-------+-------+-------+----------------------

Table legend:
 A = Kills in this place as a percentage of kills in entire the game.
 B = Kills by you in this place as a percentage of kills by you in the entire game.
 C = Kills by friends in this place as a percentage of kills by friends in the entire game.
 D = Other kills in this place as a percentage of other kills in the entire game.
 E = Experience gained in this place as a percentage of experience gained in the entire game.
 F = Experience gained in this place divided by the number of levels of this place that you have seen.
                   A       B       C       D       E      F
               +-------+-------+-------+-------+-------+----------------------
         Total | 100.0 | 100.0 | 100.0 | 100.0 | 100.0 | 12194.8
       Dungeon |  29.5 |  30.3 |   7.7 |   0.0 |  12.4 | 3401.2
          Lair |  30.6 |  30.4 |  42.3 |  25.0 |  21.7 | 11914.5
         Swamp |  13.2 |  13.2 |   0.0 |  62.5 |  26.7 | 29267.7
     Snake Pit |  15.0 |  14.3 |  46.2 |   0.0 |  28.1 | 30849.7
  Orcish Mines |   9.1 |   9.4 |   0.0 |   0.0 |   4.6 | 15003.0
        Vaults |   2.6 |   2.5 |   3.8 |  12.5 |   6.6 | 21603.0
               +-------+-------+-------+-------+-------+----------------------
